 Dungeon Crawl Stone Soup version 0.27.1 (webtiles) character file.

Game seed: 13257190363268060716

11 Ijustatesigmund the Skirmisher (level 2, -5/19 HPs)
             Began as a Gargoyle Fighter on Sept 1, 2021.
             Killed from afar by Jessica (6 damage)
             ... with a puff of flame
             ... on level 2 of the Dungeon.
             The game lasted 00:00:42 (493 turns).

Ijustatesigmund the Skirmisher (Gargoyle Fighter)    Turns: 493, Time: 00:00:42

Health: -5/19      AC:  9    Str: 19    XL:     2   Next: 25%
Magic:  2/2        EV:  7    Int:  8    God:
Gold:   32         SH:  9    Dex:  9    Spells: 1/1 levels left

rFire    . . .     SeeInvis .   a - +0 flail
rCold    . . .     Faith    .   c - +0 kite shield
rNeg     + . .     Spirit   .   b - +0 scale mail
rPois    ∞         Reflect  .   (no helmet)
rElec    +         Harm     .   (no cloak)
rCorr    .         Rampage  .   (no gloves)
Will     .....                  (no boots)
Stlth    ..........             (no amulet)
HPRegen  0.06/turn              (no ring)
MPRegen  0.08/turn              (no ring)

@: no status effects
A: sickness immunity, AC +2, negative energy resistance 1, electricity
resistance, torment resistance 1, petrification resistance
a: no special abilities


You were on level 2 of the Dungeon.
You visited 1 branch of the dungeon, and saw 2 of its levels.

You collected 32 gold pieces.

Inventory:

Hand Weapons
 a - a +0 flail (weapon)
Armour
 b - a +0 scale mail (worn)
 c - a +0 kite shield (worn)
Potions
 d - 2 potions of might
 e - a potion of curing {unknown}


   Skills:
 + Level 3.5 Fighting
 * Level 2.6 Maces & Flails
 - Level 3.2 Armour
 - Level 3.2 Shields


You had one spell level left.
You didn't know any spells.
Your spell library was empty.

Dungeon Overview and Level Annotations

Branches:
Dungeon (1/15)

Altars:

Annotations:
D:2 Jessica


Innate Abilities, Weirdness & Mutations

You are immune to sickness and miasma.
Your stone body is resilient. (AC +2)
You are immune to poison.
You resist negative energy. (rN+)
You are resistant to electric shocks. (rElec)
You are resistant to unholy torment.
You are immune to petrification.


Message History

Jessica the Apprentice Sorceress comes into view.
She is wielding a +0 club and carrying a wand of flame (20).
Jessica shouts!
The quokka closely misses you.
Jessica mumbles some strange words.
Jessica blinks!
Jessica moves out of view.
You sock the quokka!
You kill the quokka!
No target in view!
No target in view!
No target in view!
No target in view!
No target in view!
No target in view!
You see here a quokka corpse.
Jessica is nearby!
You barely miss Jessica.
Jessica zaps a wand.
The puff of flame hits you. Jessica gestures at you while chanting.
Pain shoots through your body!
You closely miss Jessica. Jessica hits you with a +0 club.
You are too injured to fight recklessly!
You are too injured to fight recklessly!
You are too injured to fight recklessly!
You are too injured to fight recklessly!
You are too injured to fight recklessly!
You are too injured to fight recklessly!
You are too injured to fight recklessly!
You are too injured to fight recklessly!
You are too injured to fight recklessly!
You are too injured to fight recklessly!
You are too injured to fight recklessly!
You are too injured to fight recklessly!
You are too injured to fight recklessly!
You are too injured to fight recklessly!
You are too injured to fight recklessly!
You hit Jessica.
Jessica is severely wounded.
Jessica zaps a wand.
The puff of flame hits you!
* * * LOW HITPOINT WARNING * * *
Jessica zaps a wand.
The puff of flame hits you.
You die...

## #.. ..
#.# .. .#
##@# #@.+
#.## #.#
##†# #..#
#..########
#...'.....#
#...#...))#
##..#######


You could see Jessica.

Vanquished Creatures
  A bat (D:1)
  A giant cockroach (D:1)
  A goblin (D:2)
  A hobgoblin (D:1)
  A quokka (D:2)
  A ball python (D:1)
  A kobold (D:1)
  4 rats
11 creatures vanquished.

Notes
Turn   | Place    | Note
-------+----------+-------------------------------------------
     0 | D:1      | Ijustatesigmund the Gargoyle Fighter began the quest for
                  | the Orb.
     0 | D:1      | Reached XP level 1. HP: 14/14 MP: 1/1
   454 | D:1      | Reached XP level 2. HP: 19/19 MP: 2/2
   470 | D:1      | You fall into a shaft and drop 1 floor!
   485 | D:2      | Noticed Jessica
   493 | D:2      | Killed from afar by Jessica

Illustrated notes

Levels and vault maps discovered:
D:1:      kennysheep_arrival_forest, layout_basic
D:2:      minmay_chambers_of_twos, layout_basic, minmay_divided_ellipse,
          uniq_jessica

Action                   || total
-------------------------++-------
Melee: Flail             ||    37
Armor: Scale mail        ||    22
Dodge: Dodged            ||     8
Block: Kite shield       ||    13
